 Dungeon Sprint DCSS version 0.19.0-2-gae57169 (webtiles) character file.

1194 LORDOFBUTT the Covert (level 8, -2/36 HPs)
             Began as a Spriggan Enchanter on Nov 5, 2016.
             Was an Initiate of Dithmenos.
             Slain by a centaur warrior (11 damage)
             ... in the Dungeon (Sprint I: "Red Sonja").
             The game lasted 00:01:49 (453 turns).

LORDOFBUTT the Covert (Spriggan Enchanter)           Turns: 453, Time: 00:01:50

Health: -2/36      AC:  3    Str:  6    XL:     8   Next: 20%
Magic:  18/24      EV: 18    Int: 16    God:    Dithmenos [......]
Gold:   418        SH:  0    Dex: 17    Spells: 2 memorised, 27 levels left

rFire  . . .     SeeInvis +     e - +0 dagger (distort)
rCold  . . .     Gourm    .     b - +1 robe
rNeg   . . .     Faith    .     (shield restricted)
rPois  .         Spirit   .     (helmet restricted)
rElec  .         Reflect  .     (no cloak)
rCorr  .         Harm     .     (gloves unavailable)
MR     +....     NoTele   +     (boots unavailable)
Stlth  ++++++....               (no amulet)
                                (no ring)
                                (no ring)

@: very quick
A: unfitting armour, see invisible, herbivore 3, speed 3, slow metabolism 2
a: Renounce Religion


You were in the Dungeon.
You worshipped Dithmenos.
Dithmenos was noncommittal.
You were not hungry.

You visited 1 branch You collected 418 gold pieces.

Inventory:

Hand Weapons
 a - a +1 dagger
 e - a +0 dagger of distortion (weapon)
Armour
 b - a +1 robe (worn)
Scrolls
 j - a scroll of blinking
Potions
 g - a potion of haste
 h - 2 potions of magic
 i - a potion of berserk rage
Books
 c - a book of Maledictions

   Spells                             Type                      Level
   a - Corona                         Hexes                        1
   b - Ensorcelled Hibernation        Hexes/Ice                    2
   c - Confuse                        Hexes                        3
   d - Tukima's Dance                 Hexes                        3
   e - Dazzling Spray                 Conjuration/Hexes            3
Comestibles
 d - a bread ration


   Skills:
 + Level 7.4 Short Blades
 - Level 3.0 Dodging
 * Level 14.8 Stealth
 * Level 11.7 Spellcasting
 * Level 12.0 Hexes


You had 27 spell levels left.
You knew the following spells:

 Your Spells              Type           Power        Failure   Level  Hunger
a - Corona                Hex            #####..      1%          1    None
b - Ensorcelled Hibernat  Hex/Ice        ####..       1%          2    None


Dungeon Overview and Level Annotations

Branches:
Dungeon (1/1)

Altars:
Cheibriados
Dithmenos
Elyvilon
Fedhas
Gozag
Hepliaklqana
Kikubaaqudgha
Makhleb
Nemelex Xobeh
Okawaru
Qazlal
Ru
Sif Muna
Trog
Uskayaw
Vehumet
Xom
Yredelemnul
Zin
The Shining One
Jiyva
Lugonu

Shops:
D [


Innate Abilities, Weirdness & Mutations

You are very small and have problems with some larger weapons.
You are too small for most types of armour.
You have supernaturally acute eyesight. (SInv)
You are a herbivore.
You cover ground extremely quickly.
You need consume almost no food.


Message History

You hear a splash.
Casting: Ensorcelled Hibernation
Confirm with . or Enter, or press ? or * to list all spells.
Aiming: Ensorcelled Hibernation
Press: ? - help, Shift-Dir - straight line, f/p - centaur warrior
Aim: a centaur warrior, wielding a shortbow (chance to defeat MR: 39%)
The centaur warrior easily resists.
The centaur warrior unwields an uncursed shortbow.
The centaur warrior misses you.
The centaur warrior unwields an uncursed shortbow.
The centaur warrior hits you!
* * * LOW HITPOINT WARNING * * *
The centaur warrior misses you.
Casting: Ensorcelled Hibernation
Confirm with . or Enter, or press ? or * to list all spells.
Aiming: Ensorcelled Hibernation
Press: ? - help, Shift-Dir - straight line, f/p - centaur warrior
Aim: a centaur warrior (chance to defeat MR: 39%)
The centaur warrior easily resists.
The centaur warrior hits you!
You die...

################
#.)'..#..'..#__#
)..#.)'..#..'..+
#####'#####'#__####
####..#...#.####§§#
#__####..##[#§§§§§#
#_____##'#..§§§cc§+
#_.∩...'..._#§≈§@§#
#_..__##_.#'##+####
#_____###'#(#
#########.###
.......+...+
++++####.).# ##.##
#+#


You could see 2 centaur warriors.

Vanquished Creatures
  Sonja (D)
  A slime creature (D)
  Sigmund (D)
  A yak (D)
  An ogre (D)
  A jelly (D)
  Ijyb (D)
7 creatures vanquished.

Notes
Turn   | Place    | Note
-------+----------+-------------------------------------------
     0 | D        | LORDOFBUTT the Spriggan Enchanter began the quest for the Orb.
     0 | D        | Reached XP level 1. HP: 9/9 MP: 5/5
     2 | D        | Noticed Ijyb
    11 | D        | Killed Ijyb
    11 | D        | Reached skill level 6 in Stealth
    11 | D        | Reached skill level 5 in Hexes
    11 | D        | Reached XP level 2. HP: 13/13 MP: 5/8
    40 | D        | Noticed an ogre
    43 | D        | Killed an ogre
    43 | D        | Reached skill level 8 in Stealth
    43 | D        | Reached XP level 3. HP: 16/16 MP: 9/12
    43 | D        | Reached XP level 4. HP: 21/21 MP: 9/13
    77 | D        | Noticed Sigmund
    96 | D        | Learned a level 2 spell: Ensorcelled Hibernation
   110 | D        | Killed Sigmund
   110 | D        | Reached skill level 5 in Short Blades
   110 | D        | Reached skill level 11 in Stealth
   110 | D        | Reached XP level 5. HP: 20/24 MP: 10/17
   110 | D        | Reached XP level 6. HP: 24/28 MP: 10/18
   328 | D        | Found a deep blue altar of Sif Muna.
   330 | D        | Found a radiant altar of Vehumet.
   340 | D        | Found a viscous altar of Jiyva.
   340 | D        | Found a corrupted altar of Lugonu.
   340 | D        | Noticed a slime creature
   341 | D        | Found a burning altar of Makhleb.
   341 | D        | Found a shimmering altar of Xom.
   343 | D        | Killed a slime creature
   343 | D        | Reached skill level 12 in Stealth
   343 | D        | Reached skill level 10 in Hexes
   382 | D        | Found Digeo's Armour Emporium.
   382 | D        | Found an ancient bone altar of Kikubaaqudgha.
   382 | D        | Found a hazy altar of Hepliaklqana.
   382 | D        | Found a stormy altar of Qazlal.
   382 | D        | Found a hide-covered altar of Uskayaw.
   382 | D        | Found a blossoming altar of Fedhas.
   382 | D        | Found a bloodstained altar of Trog.
   382 | D        | Found an iron altar of Okawaru.
   382 | D        | Found a basalt altar of Yredelemnul.
   382 | D        | Found a glowing golden altar of the Shining One.
   382 | D        | Found a snail-covered altar of Cheibriados.
   382 | D        | Found a sacrificial altar of Ru.
   382 | D        | Found a glowing silver altar of Zin.
   382 | D        | Found a shadowy altar of Dithmenos.
   382 | D        | Found a white marble altar of Elyvilon.
   382 | D        | Noticed a yak
   383 | D        | Found an opulent altar of Gozag.
   384 | D        | Killed a yak
   384 | D        | Reached skill level 13 in Stealth
   384 | D        | Reached skill level 10 in Spellcasting
   384 | D        | Reached XP level 7. HP: 32/32 MP: 19/21
   385 | D        | Found a sparkling altar of Nemelex Xobeh.
   392 | D        | Became a worshipper of Dithmenos the Shadowed
   415 | D        | Noticed Sonja
   419 | D        | Killed Sonja
   419 | D        | Reached skill level 14 in Stealth
   419 | D        | Reached XP level 8. HP: 36/36 MP: 21/24
   448 | D        | Noticed a centaur warrior
   449 | D        | Noticed a centaur warrior
   453 | D        | Slain by a centaur warrior

Skill      XL: |  1  2  3  4  5  6  7 |
---------------+----------------------+-----
Short Blades   | 2 3 5 6 7 |  7.4
Stealth        | 6 8 11 13 14 | 14.8
Spellcasting   | 4 6 8 10 11 | 11.7
Hexes          | 5 6 8 10 12 | 12.0
Dodging        | |  3.0

Action                   |  1- 3 |  4- 6 |  7- 9 || total
-------------------------+-------+-------+-------++-------
Melee: Dagger            |     8 |     4 |     1 ||    13
 Cast: Ensorcelled Hiber |       |     3 |     3 ||     6
  Use: Potion            |       |     2 |       ||     2
 Stab: Sleeping          |     2 |     4 |     1 ||     7
Armor: Robe              |       |     1 |       ||     1
Dodge: Dodged            |     5 |     7 |     4 ||    16
